 Dungeon Crawl Stone Soup version 0.28-a0-479-g5baa6b73be (webtiles) character file.

Game seed: 11175360943465116330

13 RandomusNamus the Magician (level 2, -3/22 HPs)
             Began as a Djinni Fire Elementalist on Sept 18, 2021.
             Slain by Robin (4 damage)
             ... on level 1 of the Dungeon.
             The game lasted 00:00:50 (1537 turns).

RandomusNamus the Magician (DjFE)                   Turns: 1537, Time: 00:00:51

Health: -3/22      AC:  2    Str:  7    XL:     2   Next: 50%
Gold:   28         EV: 12    Int: 16    God:
                   SH:  0    Dex: 13

rFire   + + .      SeeInvis .   (no weapon)
rCold   x . .      Faith    .   (no shield)
rNeg    . . .      Spirit   .   a - +0 robe
rPois   ∞          Reflect  .   (no helmet)
rElec   .          Harm     .   (no cloak)
rCorr   .          Rampage  .   (no gloves)
Will    .....                   (boots unavailable)
Stlth   ++........              (no amulet)
HPRegen 0.07/turn               (no ring)
MPRegen 0.00/turn               (no ring)

@: flying
A: sickness immunity, fire resistance 2, cold vulnerability 1, float, innate
caster, hp casting, extra vitality 1
a: no special abilities


You were on level 1 of the Dungeon.
You visited 1 branch of the dungeon, and saw 2 of its levels.

You collected 28 gold pieces.


Innate Abilities, Weirdness & Mutations

You are immune to sickness and miasma.
You are immune to poison.
Your flesh is very heat resistant. (rF++)
You are vulnerable to cold. (rC-)
You float through the air rather than walking.
You learn spells naturally, not from books.
Your magical power is your life essence.
You have superior vitality. (+4 HP)


   Skills:
 * Level 1.0 Fighting
 + Level 0.4 Armour
 + Level 2.3 Dodging
 - Level 1.5 Stealth
 * Level 2.6 Spellcasting


You couldn't memorise any spells.
You knew the following spells:

 Your Spells              Type           Power      Damage    Failure   Level
a - Foxfire               Conj/Fire      40%        2x1d6     7%          1
b - Scorch                Fire           20%        2d6       10%         2
c - Conjure Flame         Conj/Fire      10%        6-21      21%         3
d - Inner Flame           Hex/Fire       10%        N/A       21%         3
e - Flame Wave            Conj/Fire      10%        3d4       54%         4
Your spell library was empty.

Inventory:

Armour
 a - a +0 robe (worn)
Scrolls
 c - a scroll of enchant armour {!r, unknown}
 d - a scroll of immolation {!r, unknown}
Potions
 b - a potion of lignification {unknown}

Dungeon Overview and Level Annotations

Branches:
Dungeon (2/15)

Altars:

Annotations:
D:1 Robin

############ ##
#@g........## #.
#####g########..# #.
#....)..[######.#####.
#........+..........'.
#........######..####.
#########'#### ####.#####
###.....###.# #.........
#.'.....'...# #.##..####
#.#.....###### #.#......#
#.#..........######.#.#....#
#.####'#####.#......#.#.....
#.# #.# #.#.####.#.......
#.# #.# #.#...##.####.##.
#.# #.# #.#.#.##.......+.
#.####+## #.###.#######.##.
#.#.....####................


You could see Robin (combustible) and a goblin.


Message History

Ye reach down an' op'n tha door!
Thar be an op'n door 'ere!
Ye reach down an' op'n tha door!
Thar be an op'n door 'ere!
A bat comes inta view!
A bat be nearby!!!
Unknown command!
Unknown command!
Ye butt some foxfire!!!
Butt: -4%(-1hp) hp: 96%(21hp) Ye conjure some foxfire!!!
Tha foxfire hits tha bat but does nay damage!
Damage: -5%(-1hp) hp: 91%(20hp) Tha foxfire hits tha bat!
Ye annihilate tha bat!!!
Ye conjure some foxfire!!!
Unknown command!
Thar be na enough space ta conjure foxfire!!!
Yer foxfire dissipates!!!
Butt: -4%(-1hp) hp: 87%(19hp) Unknown command!
Yer foxfire dissipates!!!
Unknown command!
A bat comes inta view!
Tha bat barely misses ye!
A bat be nearby!!!
A bat be nearby!!!
Unknown command!
Ye conjure some foxfire!!!
Tha bat hits ye!
Damage: -9%(-2hp) hp: 91%(20hp) Tha foxfire hits tha bat!
Ye annihilate tha bat!!!
Ye conjure some foxfire!!!
Damage: -4%(-1hp) hp: 87%(19hp) Butt miscast Foxfire!
Ye butt very lightly contaminated wit' residual magic!
Nuthin' appears ta happ'n!
Damage: -4%(-1hp) hp: 87%(19hp) Yer foxfire dissipates!!!
Unknown command!
Ye conjure some foxfire!!!
Damage: -5%(-1hp) hp: 82%(18hp) Yer foxfire dissipates!!!
Yer foxfire dissipates!!!
Yer foxfire dissipates!!!
Yer magical contamination butts completely faded away!
Key pressed, stoppin' 'splore!
Unknown command!
Thar be a stone staircase butt down 'ere!
Ye now haf 28 gold pieces (gain'd 10)!
Ye reach down an' op'n tha door!
Found 24 slin' bullets!
Thar be an op'n door 'ere!
Thar be an op'n door 'ere!
A hobgoblin comes inta view!
A hobgoblin be nearby!!!
A hobgoblin be nearby!!!
A hobgoblin be nearby!!!
Unknown command!
Ye conjure some foxfire!!!
Damage: -4%(-1hp) hp: 96%(21hp) Ye conjure some foxfire!!!
Tha foxfire hits tha hobgoblin!
Tha hobgoblin be severely wounded!
Tha hobgoblin shouts!!!
Damage: -5%(-1hp) hp: 91%(20hp) Tha foxfire hits tha hobgoblin!
Ye annihilate tha hobgoblin!!!
Yer foxfire dissipates!!!
Ye conjure some foxfire!!!
Damage: -4%(-1hp) hp: 87%(19hp) Ye conjure some foxfire!!!
Yer foxfire dissipates!!!
Damage: -5%(-1hp) hp: 82%(18hp) Ye conjure some foxfire!!!
Yer foxfire dissipates!!!
Damage: -4%(-1hp) hp: 78%(17hp) Ye conjure some foxfire!!!
Yer foxfire dissipates!!! x2
Unknown command!
Yer foxfire dissipates!!! x2
Yer foxfire dissipates!!!
Found a stone butt leadin' down!
Unknown command!
Thar be a stone staircase leadin' down 'ere!
Key pressed, stoppin' 'splore!
Unknown command!
Found 19 arrows!
Thar be an op'n door 'ere!
Ye reach down an' op'n tha door!
Thar be an op'n door 'ere!
Done 'splorin'!
Unknown command!
Done 'splorin'!
Done 'splorin'!
Ye conjure some foxfire!!!
Damage: -4%(-1hp) hp: 96%(21hp) Ye conjure some foxfire!!!
Damage: -5%(-1hp) hp: 91%(20hp) Unknown command!
Yer foxfire dissipates!!! x2
Unknown command!
Ye conjure some foxfire!!!
Yer foxfire dissipates!!!
Damage: -4%(-1hp) hp: 87%(19hp) Yer foxfire dissipates!!!
Ye conjure some foxfire!!!
Butt's foxfire dissipates!!!
Yer foxfire dissipates!!!
Damage: -4%(-1hp) hp: 87%(19hp) Unknown command!
Yer foxfire dissipates!!!
Done 'splorin'!
Unknown command!
Done 'splorin'!
Unknown command!
Done 'splorin'!
Done 'splorin'!
Unknown command!
(D) Dungeon Where ta? (? - help) Thar be an op'n door 'ere!
Thar be an op'n door 'ere!
Thar be an op'n door 'ere!
Thar be a stone staircase leadin' down 'ere!
Ye fly downwards!
Tha goblin shouts!!! x6; Tha butt shouts!!!
Tha goblin shouts!!!
Tha ball python hisses angrily!
Ye hear a shout!!!
Robin shouts!!!
Found a stone staircase leadin' up!
Thar be a stone staircase leadin' butt 'ere!
Thar be monsters nearby!!!
Butt command!
Thar be monsters nearby!!!
Unknown command!
Thar be monsters nearby!!!
Unknown command!
Unknown command!
Tha goblin hits ye wit' a +0 dagger!
Robin hits ye wit' a +0 short sword!
Tha goblin barely misses ye!
Tha goblin hits ye wit' a +0 club!
* * * LOW HITPOINT WARNIN'
* * * Ye fly upwards!
Thar be a stone staircase leadin' down 'ere!
Huge Dmg: -40%(-9hp) hp: 60%(13hp) Unknown command!
Unknown command!
Unknown command!
Unknown command!
Unknown command!
Unknown command!
Unknown command!
Unknown command!
Unknown command!
Unknown command!
Unknown command!
Unknown command!
Unknown command!
Unknown command!
Castin': Foxfire (safe; 7% risk o' butt) Confirm wit' ! or Enter, or press ? or * ta list all spells!
Thar be na enough space ta conjure foxfire!!!
Unknown command!
Unknown command!
Unknown command!
Castin': Foxfire (safe; 7% risk o' failure) Confirm wit' ! or Enter, or press ? or * ta list all spells!
Flames lash tha goblin!
Ye annihilate tha goblin!!!
* * * LOW HITPOINT WARNIN'
* * * Robin roars a battlecry!!!
Tha goblin goes inta a butt-frenzy!!!
Yer Fightin' skill increases ta level 1!!!
Damage: -10%(-2hp) hp: 50%(11hp) Unknown command!
Unknown command!
Castin': Scorch (safe; 10% risk o' failure) Butt wit' ! or Enter, or press ? or * ta list all spells!
Flames lash tha goblin!
Ye annihilate tha goblin!!!
* * * LOW HITPOINT WARNIN'
* * * Tha goblin hits ye wit' a +0 club!
* * * LOW HITPOINT WARNIN'
* * * Huge Dmg: -22%(-5hp) hp: 28%(6hp) Unknown command!
Unknown command!
Castin': Scorch (safe; 10% risk o' failure) Confirm wit' ! or Enter, or press ? or * ta list all spells!
Flames lash Robin!
Robin be moderately wounded!
Robin's butt resistance burns away!
* * * LOW HITPOINT WARNIN'
* * * Robin closely misses ye!
Tha goblin hits ye wit' a +0 club!
* * * LOW HITPOINT WARNIN'
* * * Huge Dmg: -14%(-3hp) hp: 14%(3hp) Unknown command!
Unknown command!
Unknown command!
Castin': Scorch (safe; 10% risk o' failure) Confirm wit' ! or Enter, or press ? or * ta butt all spells!
Flames lash Robin!
Robin be burn'd terribly!!!
Robin be severely wounded!
* * * LOW HITPOINT WARNIN'
* * * Robin hits ye wit' a +0 short sword!
Ye die!!!

Levels and vault maps discovered:
D:1:      minmay_arrival_diagonal_passages, layout_basic
D:2:      layout_loops_cross, ebering_ecumenical_altar_sacrificial, uniq_robin

Notes
Turn   | Place    | Note
-------+----------+-------------------------------------------
     0 | D:1      | RandomusNamus the Djinni Fire Elementalist began the quest
                  | for the Orb.
     0 | D:1      | Reached XP level 1. HP: 15/15 MP: 0/0
   620 | D:1      | Reached XP level 2. HP: 14/22 MP: 0/0
  1531 | D:2      | Noticed Robin
  1535 | D:1      | Reached skill level 1 in Fighting
  1537 | D:1      | Slain by Robin

Vanquished Creatures
  A ball python (D:1)
  2 bats (D:1)
  2 endoplasms (D:1)
  A giant cockroach (D:1)
  2 goblins (D:1)
  A hobgoblin (D:1)
  A quokka (D:1)
10 creatures vanquished.

Vanquished Creatures (others)
  56 foxfires (D:1)
56 creatures vanquished.

Grand Total: 66 creatures vanquished

Action                   || total
-------------------------++-------
Melee: Unarmed           ||     2
 Cast: Foxfire           ||    37
       Scorch            ||     4
Armor: Robe              ||     4
Dodge: Dodged            ||    14
